 Dungeon Crawl Stone Soup version 0.32-a0-481-g9ce6b883f8 (webtiles) character file.

Game seed: 13201396807197951469

10010 GabrielManson the Grappler (level 11, -1/63 HPs)
             Began as an Octopode Shapeshifter on Jan 23, 2024.
             Was a Believer of Sif Muna.
             Succumbed to a black mamba's poison
             ... on level 1 of the Lair of Beasts on Feb 26, 2024.
             The game lasted 00:37:12 (8311 turns).

GabrielManson the Grappler (Octopode Shapeshifter)  Turns: 8311, Time: 00:37:13

Health: -1/63      AC:  3    Str: 12    XL:     11   Next: 55%
Magic:  14/19      EV: 20    Int: 23    God:    Sif Muna [**....]
Gold:   450        SH:  0    Dex: 11    Spells: 12/21 levels left

rFire   x .          .
                       - Unarmed
rCold   + . .        (no shield)
rNeg    . . .        (helmet currently unavailable)
rPois   .            q - amulet of faith
rElec   .            k - ring of ice
rCorr   .            h - +5 ring of evasion
SInv    .            (no ring)
Will    .....        (no ring)
Stlth   ++++++       (no ring)
HPRegen 0.30/turn    (no ring)
MPRegen 0.16/turn    (no ring)
                     (no ring)

%: faith
@: lethally poisoned (-1 -> -20), beast-form
A: beast (slay +3), almost no armour, amphibious, 8 rings, camouflage 1,
gelatinous body 1, nimble swimmer 1, tentacles, iridescent scales 1, clever 2,
frail 1
a: Begin Untransformation, Renounce Religion, Channel Magic


You were on level 1 of the Lair of Beasts.
You worshipped Sif Muna.
Sif Muna was pleased with you.
You were a hulking beast.
You visited 2 branches of the dungeon, and saw 10 of its levels.
You also visited: Sewer.

You collected 450 gold pieces.

Inventory:

Missiles
 e - 21 poisoned darts
Jewellery
 h - a +5 ring of evasion (right tentacle)
 k - a ring of ice (left tentacle)
 q - an amulet of faith (around mantle)
 u - an amulet of the acrobat
Talismans
 b - a beast talisman (active)
 c - a flux talisman
Wands
 n - a wand of digging (9)
 p - a wand of polymorph (8)
Scrolls
 a - 2 scrolls of enchant weapon {unknown}
 d - a scroll of enchant armour {unknown}
 f - 5 scrolls of noise
 i - a scroll of identify
 j - a scroll of revelation
 l - a scroll of immolation {unknown}
 m - 4 scrolls of teleportation
 o - 3 scrolls of blinking
 r - 2 scrolls of amnesia {unknown}
 y - a scroll of fear {unknown}
Potions
 g - a potion of degeneration
 s - a potion of brilliance
 A - a potion of mutation


   Skills:
 + Level 4.8 Fighting
 + Level 3.7 Throwing
 + Level 6.6 Dodging
 + Level 9.1 Stealth
 + Level 9.8 Unarmed Combat
 + Level 5.8 Spellcasting
 + Level 1.4 Conjurations
 + Level 3.5 Summonings
 + Level 6.6 Ice Magic
 + Level 1.2 Alchemy
 + Level 6.4 Shapeshifting


You had 12 spell levels left.
You knew the following spells:

 Your Spells              Type           Power      Damage    Failure   Level
a - Freeze                Ice            100%       1d10      1%          1
b - Hailstorm             Conj/Ice       38%        3d9       4%          3
c - Frozen Ramparts       Ice            100%       1d16      1%          3
d - Sting                 Conj/Alch      48%        1d6       4%          1
e - Summon Small Mammal   Summ           88%        N/A       1%          1

Your spell library contained the following spells:

 Spells                   Type           Power      Damage    Failure   Level
 Call Canine Familiar     Summ           22%        N/A       6%          3
 Apportation              Tloc           12%        N/A       9%          1
 Necrotise                Necr           24%        1d5       9%          1
 Passwall                 Erth           6%         N/A       26%         3
 Summon Blazeheart Golem  Fire/Summ      14%        N/A       38%         4
 Borgnjor's Vile Clutch   Necr/Erth      3%         N/A       94%         5
 Summon Horrible Things   Summ           11%        N/A       100%        8


Dungeon Overview and Level Annotations

Branches:
Dungeon (9/15)             Temple (0/1) D:6            Lair (1/5) D:9
  Sewer (visited)
    Orc: D:9-12

Altars:
Elyvilon
Makhleb
Nemelex Xobeh
Qazlal
Ru
Sif Muna

Shops:
D:6 =


Innate Abilities, Weirdness & Mutations

You are a hulking beast.
Your limbs bulge with bestial killing power. (Slay +3)
You cannot wear most types of armour.
You are amphibious.
You can wear up to eight rings at the same time.
Your skin changes colour to match your surroundings (Stealth+).
Your rubbery body absorbs attacks. (AC +1, EV +1)
You are camouflaged when in or above water. (Stealth+)
You have tentacles for arms and can constrict up to eight enemies at once.
You are partially covered in iridescent scales. (AC +2)
Your mind is very acute. (Int +8, Str/Dex -2)
You are frail. (-10% HP)


Message History

A black mamba is nearby!
Found a stone staircase leading down.
You strike the helpless black mamba from behind!
You bludgeon the black mamba! Your grab misses the black mamba.
The black mamba is moderately wounded.
The black mamba bites you!
You are too injured to fight recklessly!
You are too injured to fight recklessly!
You miss the black mamba. Your grab misses the black mamba.
Your tentacle-slap misses the black mamba.
The black mamba is moderately wounded.
The black mamba closely misses you. x2
You barely miss the black mamba. Your grab misses the black mamba.
The black mamba is moderately wounded.
The black mamba bites you.
You are poisoned.
The black mamba poisons you!
You bludgeon the black mamba! You grab the black mamba.
You squeeze the black mamba!
The black mamba is almost dead.
You constrict the black mamba, but do no damage.
You feel very sick. The black mamba bites you. The black mamba bites you!
* * * LOW HITPOINT WARNING * * *
You are lethally poisoned!
The black mamba poisons you!
Saving game... please wait.
Welcome back, GabrielManson the Octopode Shapeshifter.
Sif Muna whispers: I know many secrets...
Press ? for a list of commands and other information.
You bludgeon the black mamba!
You kill the black mamba!
Sif Muna accepts your kill.
* * * LOW HITPOINT WARNING * * *
You feel very sick.
There is a lethal amount of poison in your body!
* * * LOW HITPOINT WARNING * * *
You feel very sick.
You enter the shallow water.
You die...

...#......†.......§#
#.........###~#...≈#
####........#~~~#...≈###
#...........#~~~~...≈≈≈§
.....######.~~~~#...<...
#....##P###.P~###.......
.............###P.......
........................
....~..h................
..~~~≈~~~.P........##...
.~~~≈≈≈≈~~.........# ...
~~≈~~~~≈~~.......... ...
.~≈~~.~~≈~~........
~~~~.>.~≈~~.......
~~≈≈~..≈~≈.......
~~~≈~~≈~≈~.....


There were no monsters in sight!

Vanquished Creatures
  A hydra (Lair:1)
  2 two-headed ogres (D:8)
  A black mamba (Lair:1)
  2 cane toads
  A komodo dragon (Lair:1)
  Psyche (D:8)
  10 yaks
  Duvessa (D:4)
  2 orc warriors
  Pargi (Sewer)
  2 sky beasts
  An ice beast (D:8)
  2 black bears
  An ogre (D:5)
  A centaur (D:5)
  A phantom (D:5)
  A kobold brigand (D:8)
  2 bullfrogs
  Blork the orc (D:5)
  2 brain worms (Sewer)
  A scorpion (D:5)
  14 wights
  Dowan (D:4)
  4 howler monkeys (D:9)
  A bombardier beetle (D:7)
  3 jellies
  An orc priest (D:7)
  A hound (D:5)
  2 iguanas
  A sleepcap (D:6)
  2 orc wizards (D:7)
  8 gnolls
  A river rat (D:5)
  17 adders
  A shadow imp (D:6)
  A white imp (D:5)
  4 ufetubi
  2 dart slugs
  6 ribbon worms
  17 orcs
  6 bats
  2 endoplasms
  3 giant cockroaches
  7 goblins
  5 hobgoblins
  9 jackals
  10 kobolds
  2 quokkas
  13 ball pythons
  4 frilled lizards (Sewer)
  10 rats
195 creatures vanquished.

Notes
Turn   | Place    | Note
-------+----------+-------------------------------------------
     0 | D:1      | GabrielManson the Octopode Shapeshifter began the quest for
                  | the Orb.
     0 | D:1      | Reached XP level 1. HP: 13/13 MP: 1/1
   124 | D:1      | Reached XP level 2. HP: 5/18 MP: 2/2
   371 | D:1      | Reached XP level 3. HP: 23/23 MP: 3/3
  1033 | D:2      | Reached XP level 4. HP: 28/28 MP: 4/4
  1195 | D:2      | Reached skill level 1 in Stealth
  1722 | D:3      | Gained mutation: You are weak. (Str -2) [potion of
                  | mutation]
  1722 | D:3      | Gained mutation: You are frail. (-10% HP) [potion of
                  | mutation]
  1722 | D:3      | Gained mutation: You are very frail. (-20% HP) [potion of
                  | mutation]
  1883 | D:3      | Reached XP level 5. HP: 24/26 MP: 5/5
  2160 | D:4      | Lost mutation: You are very frail. (-20% HP) [potion of
                  | mutation]
  2160 | D:4      | Lost mutation: You are weak. (Str -2) [potion of mutation]
  2160 | D:4      | Gained mutation: You are partially covered in iridescent
                  | scales. (AC +2) [potion of mutation]
  2160 | D:4      | Gained mutation: Your mind is acute. (Int +4, Str/Dex -1)
                  | [potion of mutation]
  2160 | D:4      | Gained mutation: Your mind is very acute. (Int +8, Str/Dex
                  | -2) [potion of mutation]
  2163 | D:4      | Learned a level 1 spell: Freeze
  2167 | D:4      | Learned a level 3 spell: Hailstorm
  2345 | D:4      | Found a white marble altar of Elyvilon.
  2520 | D:4      | Noticed Dowan
  2522 | D:4      | Noticed Duvessa
  2538 | D:4      | Killed Duvessa
  2539 | D:4      | Reached skill level 5 in Unarmed Combat
  2539 | D:4      | Reached skill level 1 in Ice Magic
  2539 | D:4      | Reached XP level 6. HP: 34/34 MP: 2/6
  2542 | D:4      | Killed Dowan
  2930 | D:4      | Noticed a black bear
  2943 | D:4      | Killed a black bear
  2944 | D:4      | Reached XP level 7. HP: 33/39 MP: 7/7
  3026 | D:5      | Entered Level 5 of the Dungeon
  3263 | D:5      | Found a glowing drain.
  3271 | Sewer    | Entered a sewer
  3298 | Sewer    | Noticed Pargi
  3318 | Sewer    | Killed Pargi
  3319 | Sewer    | Reached skill level 1 in Spellcasting
  3473 | Sewer    | Reached XP level 8. HP: 37/45 MP: 7/9
  3780 | D:5      | Learned a level 3 spell: Frozen Ramparts
  3782 | D:5      | Learned a level 1 spell: Sting
  3784 | D:5      | Learned a level 1 spell: Summon Small Mammal
  4233 | D:5      | Noticed Blork the orc
  4417 | D:5      | Killed Blork the orc
  4425 | D:5      | Found a shimmering blue altar of Sif Muna.
  4433 | D:5      | Became a worshipper of Sif Muna the Loreminder
  4629 | D:6      | Found a staircase to the Ecumenical Temple.
  4770 | D:6      | Got Dispater's Grimoire of the Collective Fault
  4785 | D:6      | Reached skill level 5 in Stealth
  4816 | D:6      | Found Vix Ophau's Jewellery Shoppe.
  4959 | D:6      | Found a stormy altar of Qazlal.
  5086 | D:6      | Found a burning altar of Makhleb.
  5506 | D:7      | Reached XP level 9. HP: 44/48 MP: 6/12
  6076 | D:7      | Found a sparkling altar of Nemelex Xobeh.
  6370 | D:7      | Reached * piety under Sif Muna
  6533 | D:7      | Upgraded the game from 0.32-a0-35-gd9ff480968 to
                  | 0.32-a0-119-g2e8054a333
  6533 | D:7      | Upgraded the game from 0.32-a0-119-g2e8054a333 to
                  | 0.32-a0-401-g0bcb2a7693
  6748 | D:8      | Reached skill level 5 in Shapeshifting
  6748 | D:8      | Reached XP level 10. HP: 21/58 MP: 9/17
  7020 | D:8      | Reached skill level 5 in Spellcasting
  7449 | D:8      | Noticed a two-headed ogre
  7461 | D:8      | Killed a two-headed ogre
  7462 | D:8      | Reached skill level 1 in Conjurations
  7731 | D:8      | Noticed Psyche
  7739 | D:8      | a yak changed into a cane toad
  7739 | D:8      | Noticed a cane toad
  7740 | D:8      | Killed Psyche
  7741 | D:8      | Killed a cane toad
  7742 | D:8      | Reached XP level 11. HP: 63/63 MP: 15/19
  7745 | D:8      | Reached skill level 1 in Alchemy
  7773 | D:8      | Noticed a two-headed ogre
  7783 | D:8      | Killed a two-headed ogre
  7783 | D:8      | Reached ** piety under Sif Muna
  8152 | D:9      | Found a staircase to the Lair.
  8247 | D:9      | Found a sacrificial altar of Ru.
  8263 | Lair:1   | Entered Level 1 of the Lair of Beasts
  8278 | Lair:1   | Noticed a four-headed hydra
  8290 | Lair:1   | Killed a four-headed hydra
  8309 | Lair:1   | Upgraded the game from 0.32-a0-401-g0bcb2a7693 to
                  | 0.32-a0-481-g9ce6b883f8
  8310 | Lair:1   | HP: 3/63 [poisoned by a black mamba]
  8311 | Lair:1   | Succumbed to a black mamba's poison

Illustrated notes

Levels and vault maps discovered:
D:1:      tarquinn_simple_flora_water_b, layout_rooms
D:2:      layout_basic, minmay_fountain_box, nicolae_hexahallways,
          minmay_tetromino_o4
D:3:      layout_rooms, kennysheep_generic_room_3
D:4:      black_bear_nest_1, layout_rooms, amcnicky_altar_gilded,
          nrook_mini_backslash, uniq_duvessa
D:5:      layout_basic, tgw_sif, lightli_sewer_entry_pipes, minmay_liquid_box,
          hex_intersection
D:6:      layout_gridville, mainiacjoe_overflow_cross_hatched,
          nicolae_qazlal_beasts_of_the_sky, minmay_temple_entry_junction,
          serial_shops, shop
D:7:      layout_basic, mainiacjoe_overflow_alcove_1
D:8:      layout_loops_ring, uniq_psyche
D:9:      layout_rooms, nicolae_ru_path_of_blood, lair_entry_dummy,
          roderic_lattice_a, minmay_bent
Lair:1:   layout_gridlike, grunt_megastairs_5, infiniplex_staircase_pool_2,
          lemuel_fruit_tree, uniq_gastronok

Skill      XL: |  1  2  3  4  5  6  7  8  9 10 11 |
---------------+----------------------------------+-----
Stealth        | 1 2 4 5 8 9 |  9.1
Unarmed Combat | 4 5 6 7 8 9 |  9.8
Dodging        | 3 4 6 |  6.6
Ice Magic      | 1 2 4 6 |  6.6
Shapeshifting  | 4 5 6 |  6.4
Fighting       | 2 4 |  4.8
Spellcasting   | 1 2 4 5 |  5.8
Throwing       | 3 |  3.7
Summonings     | 3 |  3.5
Conjurations   | 1 |  1.4
Alchemy        | 1 |  1.2

Action                     |  1- 3 |  4- 6 |  7- 9 | 10-12 || total
---------------------------+-------+-------+-------+-------++-------
  Melee: Unarmed           |    62 |   105 |   196 |   100 ||   463
         Constrict         |    16 |    21 |    41 |    15 ||    93
         Tentacles         |    12 |    15 |    44 |    30 ||   101
         Punch             |     1 |     2 |    10 |     7 ||    20
  Throw: Dart              |       |     3 |     7 |       ||    10
   Cast: Freeze            |       |     3 |     7 |     3 ||    13
         Hailstorm         |       |     1 |     6 |       ||     7
         Frozen Ramparts   |       |       |    14 |     8 ||    22
         Sting             |       |       |     4 |    12 ||    16
         Summon Small Mamm |       |       |     2 |       ||     2
    Use: Potion            |     1 |     6 |     5 |     4 ||    16
         Scroll            |       |     1 |     1 |     5 ||     7
   Stab: Sleeping          |     1 |     5 |    15 |     3 ||    24
         Confused          |       |       |       |     1 ||     1
         Distracted        |       |       |       |     1 ||     1
 Armour: Skin              |    27 |    51 |    97 |    36 ||   211
  Dodge: Dodged            |    48 |    78 |   234 |    57 ||   417
   Form: Beast             |       |     1 |       |       ||     1
         Flux              |       |     1 |       |       ||     1

Table legend: (Time is in decaauts)
 A = Elapsed time spent in this place.
 B = Non-inter-level travel time spent in this place.
 C = Inter-level travel time spent in this place.
 D = Time resting spent in this place.
 E = Time spent auto-exploring this place.
 F = Levels seen in this place.
 G = Mean time per level.
                   A        B        C        D        E       F      G
               +--------+--------+--------+--------+--------+-----+--------+
         Total |   8246 |   7922 |    324 |   1321 |   4849 |  11 |  749.6 |
       Dungeon |   7879 |   7555 |    324 |   1259 |   4730 |   9 |  875.4 |
          Lair |     45 |     45 |      0 |      0 |      0 |   1 |   45.0 |
         Sewer |    320 |    320 |      0 |     62 |    119 |   1 |  320.0 |
               +--------+--------+--------+--------+--------+-----+--------+

Top non-repeatable levels by time:
     D:7: 1382 daAuts
     D:5: 1268 daAuts
     D:8: 1212 daAuts
     D:2: 979 daAuts
     D:4: 873 daAuts
     D:6: 796 daAuts
     D:1: 592 daAuts
     D:3: 576 daAuts
   Sewer: 320 daAuts
     D:9: 197 daAuts
  Lair:1: 45 daAuts
